Map: 글리터링 애쉬즈 - 래더

Players

Creator - Winner!

  • Race: Protoss Protoss

DRG

  • Race: Zerg Zerg

Event: DreamHack SC2 Masters Last Chance 2022

VOD

Have the link to the VOD?

Description

Time

  • Played on: Dec. 15, 2021, 5:53 a.m.
  • Length: 9:16

All games in this series

Show
View Real Time Build Order
Export as new Build Order

Creator Protoss - Winner!

Build Orders: 1 Gate Expand, Oracle Opening, Zealot Archon, Archon Drop 

Get SALT Encoding   

  12  0:00  Probe  
  13  0:13  Pylon  
  13  0:17  Probe (Chrono Boost)  
  14  0:26  Probe (Chrono Boost)  
  15  0:31  Probe (Chrono Boost)  
  16  0:38  Gateway  
  16  0:43  Probe  
  16  0:47  Assimilator  
  17  0:55  Probe  
  18  1:07  Probe  
  19  1:20  Probe  
  19  1:24  Nexus  
  20  1:34  Cybernetics Core  
  20  1:37  Probe  
  21  1:42  Assimilator  
  21  1:49  Probe  
  21  1:52  Pylon  
  22  2:01  Probe  
  23  2:10  Adept (Chrono Boost)  
  23  2:13  Probe  
  26  2:16  Stargate  
  26  2:25  Probe  
  26  2:27  Warp Gate  
  27  2:31  Adept (Chrono Boost)  
  29  2:37  Probe (Chrono Boost)  
  29  2:43  Probe (Chrono Boost)  
  31  2:47  Probe (Chrono Boost)  
  31  2:51  Probe (Chrono Boost)  
  33  2:52  Probe (Chrono Boost)  
  33  2:57  Oracle (Chrono Boost)  
  34  3:02  Probe  
  34  3:03  Probe  
  39  3:06  Adept  
  39  3:10  Pylon  
  41  3:14  Probe  
  41  3:16  Probe  
  43  3:21  Void Ray (Chrono Boost)  
  43  3:22  Gateway  
  43  3:26  Probe  
  44  3:28  Probe  
  49  3:38  Probe  
  49  3:40  Probe  
  51  3:46  Assimilator  
  51  3:48  Pylon  
  51  3:49  Assimilator  
  51  3:51  Probe  
  51  3:52  Probe  
  53  4:00  Void Ray  
  53  4:06  Probe x2  
  59  4:18  Probe  
  59  4:19  Probe  
  59  4:20  Nexus  
  59  4:23  Pylon  
  57  4:26  Robotics Facility  
  57  4:31  Probe x2  
  59  4:34  Twilight Council, Pylon  
  59  4:41  Adept  
  59  4:43  Adept, Probe x2  
  64  4:55  Probe x2  
  66  5:01  Gateway  
  66  5:03  Gateway  
  66  5:04  Warp Prism  
  66  5:06  Charge (Chrono Boost)  
  66  5:13  Probe x2  
  70  5:17  Void Ray  
  70  5:23  Templar Archives  
  74  5:30  Probe x2  
  74  5:32  Probe  
  77  5:43  Gateway  
  77  5:44  Gateway x2  
  77  5:47  Gateway  
  77  5:51  Probe x3  
  77  5:53  Shield Battery  
  80  6:08  Probe x3  
  83  6:13  Assimilator, Pylon  
  83  6:15  Assimilator  
  83  6:17  High Templar x3  
  83  6:18  High Templar  
  91  6:21  Archon  
  91  6:22  Archon  
  91  6:23  Probe x2  
  93  6:25  Pylon  
  93  6:27  Pylon  
  93  6:28  Forge  
  93  6:31  Probe  
  94  6:47  Zealot x4  
  94  6:50  Zealot  
  94  6:51  Zealot  
  94  6:52  Zealot x2  
  108  6:58  Immortal  
  104  7:01  Probe x3  
  104  7:03  Protoss Ground Weapons Level 1  
  104  7:06  Stargate  
  104  7:07  Robotics Bay  
  101  7:11  Nexus  
  101  7:16  Void Ray  
  101  7:21  Protoss Air Weapons Level 1  
  105  7:28  Stargate  
  105  7:29  Probe x3, Pylon  
  108  7:31  Pylon  
  108  7:36  Shield Battery  
  108  7:37  Shield Battery  
  108  7:41  Zealot x4  
  116  7:46  Pylon  
  116  7:49  Zealot, High Templar x2  
  120  7:53  Archon  
  120  7:54  Void Ray (Chrono Boost)  
  120  7:56  Disruptor (Chrono Boost), Shield Battery  
  106  8:08  Zealot x3  
  106  8:09  Shield Battery  
  110  8:14  Void Ray (Chrono Boost)  
  106  8:21  Zealot x3  
  116  8:28  Sentry x2  
  116  8:29  Zealot  
  121  8:52  Zealot x6  
  120  9:02  Probe x4  
Show
View Real Time Build Order
Export as new Build Order

DRG Zerg 

Build Orders: Hatch First 

Get SALT Encoding   

  12  0:00  Drone  
  13  0:11  Overlord  
  13  0:16  Drone  
  14  0:30  Drone x2  
  14  0:33  Drone  
  17  0:51  Hatchery  
  17  0:54  Drone  
  17  0:57  Drone  
  18  1:08  Extractor  
  17  1:14  Spawning Pool  
  17  1:15  Drone  
  17  1:18  Drone  
  18  1:27  Drone  
  19  1:38  Drone  
  20  1:48  Overlord  
  20  2:01  Queen  
  22  2:02  Queen  
  22  2:03  Zergling x4  
  26  2:11  Drone, Metabolic Boost  
  26  2:14  Drone  
  28  2:21  Drone  
  29  2:24  Drone  
  30  2:32  Drone  
  31  2:41  Hatchery  
  31  2:43  Queen  
  31  2:45  Zergling x2  
  31  2:48  Overlord  
  32  2:52  Drone  
  32  2:53  Drone  
  34  3:03  Overlord  
  34  3:04  Drone  
  35  3:07  Drone  
  35  3:11  Drone x4  
  40  3:14  Drone  
  40  3:16  Drone  
  42  3:21  Queen  
  42  3:25  Overlord  
  44  3:31  Queen  
  46  3:35  Drone  
  46  3:37  Drone  
  46  3:40  Overlord  
  48  3:42  Drone  
  48  3:43  Drone  
  48  3:45  Drone  
  51  3:48  Spore Crawler  
  51  3:49  Drone  
  51  3:52  Drone x2  
  53  3:56  Spore Crawler  
  53  3:57  Drone  
  53  4:00  Drone x2  
  53  4:01  Drone  
  56  4:04  Overlord  
  55  4:13  Drone x3  
  55  4:17  Drone  
  55  4:20  Drone  
  58  4:24  Drone x3  
  58  4:26  Drone x2  
  58  4:30  Overlord  
  61  4:33  Drone  
  61  4:38  Drone  
  63  4:39  Queen  
  63  4:43  Zergling x4  
  67  4:47  Zergling x2  
  67  4:52  Zergling x8, Roach Warren  
  70  4:54  Drone  
  70  4:56  Spore Crawler, Overlord  
  70  4:58  Drone x2  
  70  4:59  Drone  
  72  5:04  Lair  
  72  5:06  Drone x3  
  75  5:07  Drone  
  75  5:09  Extractor  
  75  5:10  Extractor  
  75  5:13  Drone x2  
  77  5:14  Drone  
  77  5:21  Drone  
  77  5:23  Overlord  
  77  5:24  Overlord  
  77  5:26  Drone x4  
  77  5:28  Drone x2  
  84  5:30  Evolution Chamber, Overlord  
  84  5:32  Extractor  
  82  5:36  Overlord  
  82  5:37  Overlord  
  82  5:42  Overlord  
  82  5:48  Drone x6  
  82  5:49  Extractor  
  87  5:53  Extractor  
  87  5:55  Roach x3  
  87  5:56  Zerg Missile Weapons Level 1, Overlord  
  92  6:01  Roach x4  
  92  6:04  Glial Reconstitution  
  100  6:07  Overlord  
  100  6:11  Roach x2  
  104  6:13  Overseer  
  104  6:15  Overlord  
  104  6:16  Overseer  
  104  6:21  Roach x3  
  104  6:22  Overlord  
  104  6:25  Roach x2  
  114  6:29  Roach  
  114  6:30  Roach x3  
  122  6:36  Overlord  
  122  6:38  Roach x4  
  130  6:46  Roach x2  
  132  6:51  Roach x4  
  133  6:55  Roach  
  133  7:00  Roach x2  
  123  7:05  Queen x2  
  123  7:07  Roach  
  129  7:12  Overlord  
  129  7:14  Roach  
  131  7:18  Roach  
  131  7:20  Roach x4  
  136  7:23  Overlord  
  136  7:24  Extractor  
  135  7:32  Roach x2  
  135  7:36  Roach  
  140  7:40  Spire  
  140  7:42  Hatchery  
  138  7:45  Roach x3  
  138  7:50  Roach x4  
  150  7:51  Queen  
  150  7:58  Roach  
  124  8:06  Roach  
  124  8:07  Queen, Roach x2  
  124  8:08  Queen  
  124  8:14  Roach x3  
  124  8:17  Ravager x5  
  124  8:18  Ravager  
  124  8:19  Zergling x6  
  137  8:26  Roach x3  
  143  8:29  Ravager  
  144  8:37  Roach x3  
  144  8:44  Roach  
  144  8:46  Ravager x3  
  144  8:47  Roach  
  147  8:53  Roach x4  

Tags
 
Add a new tag
Caveats
  • Supply blocks, unpowered buildings, or Contaminate may cause inaccurate times.
  • Supply counts are checked every 10 seconds.